 Dungeon Crawl Stone Soup version 0.25-a0-663-gace7076f2c (webtiles) character file.

Game seed: 12383198085507292170, levelgen mode: deterministic

590153 Mgcat the Wrestler (level 26, -3/282 HPs)
             Began as a Troll Artificer on Mar 20, 2020.
             Was a High Priest of Okawaru.
             Killed from afar by an electric golem (11 damage)
             ... with a bolt of lightning
             ... on level 1 of the Realm of Zot on Mar 24, 2020.
             The game lasted 03:53:06 (69978 turns).

Mgcat the Wrestler (Troll Artificer)               Turns: 69978, Time: 03:53:06

Health: -3/282     AC: 34    Str: 38    XL:     26   Next: 19%
Magic:  30/30      EV: 14    Int: 13    God:    Okawaru [*****.]
Gold:   5768       SH: 21    Dex:  8    Spells: 25/25 levels left

rFire    + + .     SeeInvis +     - Unarmed
rCold    + . .     Gourm    +   V - +2 kite shield {rC+ rF+}
rNeg     + + +     Faith    .   S - +5 storm dragon scales {Bai Suzhen}
rPois    .         Spirit   .   K - +2 hat {SInv}
rElec    +         Reflect  +   v - +2 cloak {MR+}
rCorr    .         Harm     .   (gloves unavailable)
MR       +++..                  (boots unavailable)
Stlth    ..........             G - amulet "Qaituq" {Reflect rN+++ Int+4 Dex-3 SH+3}
HPRegen  0.97/turn              b - ring "Cieps" {Fire +Blink Str+4 Int+2 Slay+2}
MPRegen  0.22/turn              I - ring "Ovvoisasy" {rC+ MR+}

@: heroism, slowed, very slow
A: large, unfitting armour, claws 3, fast metabolism 3, gourmand, regeneration
1, shaggy fur 1, tough skin 3
}: 3/15 runes: serpentine, barnacled, silver
a: Heroism, Finesse, Renounce Religion, Evoke Blink


You were on level 1 of the Realm of Zot.
You worshipped Okawaru.
Okawaru was extremely pleased with you.
You were full.

You visited 11 branches of the dungeon, and saw 50 of its levels.
You also visited: Trove and Ice Cave.

You collected 10321 gold pieces.
You spent 4553 gold pieces at shops.

Inventory:

Missiles
 z - 61 silver javelins
 J - 122 large rocks (quivered) {!d}
 W - 2 throwing nets {=f, !d}
Armour
 c - a +0 cloak of invisibility
   (You took it off a draconian shifter on level 1 of the Realm of Zot)
 v - a +2 cloak of magic resistance (worn)
   (Okawaru gifted it to you on level 2 of the Vaults)
 K - a +2 hat of see invisible (worn)
   (Okawaru gifted it to you on level 1 of the Lair of Beasts)
 S - +5 storm dragon scales (worn) {Bai Suzhen}
   (You found it on level 1 of the Crypt)
 V - a +2 kite shield of resistance (worn)
   (You found it on level 4 of the Vaults)
Jewellery
 b - the ring "Cieps" (left claw) {Fire +Blink Str+4 Int+2 Slay+2}
   (You bought it in a shop on level 2 of the Snake Pit)

   [ring of fire]

   It enhances your fire magic.
   It affects your strength (+4).
   It affects your intelligence (+2).
   It affects your accuracy and damage with ranged weapons and melee attacks
   (+2).
   It protects you from fire.
   It makes you vulnerable to cold.
   It lets you blink.
 G - the amulet "Qaituq" (around neck) {Reflect rN+++ Int+4 Dex-3 SH+3}
   (You found it on level 3 of the Elven Halls)

   [amulet of reflection]

   It shields you and reflects attacks.
   It affects your intelligence (+4).
   It affects your dexterity (-3).
   It renders you almost immune to negative energy.
   It affects your SH (+3).
 I - the ring "Ovvoisasy" (right claw) {rC+ MR+}
   (You took it off a centaur warrior on level 11 of the Dungeon)

   [ring of protection from cold]

   It protects you from cold.
   It affects your resistance to hostile enchantments.
Wands
 n - a wand of clouds (6)
   (You found it on level 3 of the Elven Halls)
 s - a wand of polymorph (17)
   (You found it on level 1 of the Vaults)
 t - a wand of iceblast (45)
   (You found it on level 2 of the Lair of Beasts)
 Q - a wand of acid (6)
   (You found it on level 1 of the Depths)
 R - a wand of scattershot (9)
   (You found it on level 15 of the Dungeon)
 U - a wand of digging (12)
   (You found it on level 13 of the Dungeon)
Scrolls
 e - 13 scrolls of teleportation
 g - 6 scrolls of enchant armour
 u - 3 scrolls of fog
 w - 18 scrolls of remove curse
 x - a scroll of blinking {!r}
 B - 4 scrolls of magic mapping {!r}
 M - 11 scrolls of identify
 T - a scroll of holy word {!r}
 Y - a scroll of silence
Potions
 i - 5 potions of resistance
 j - 4 potions of lignification {!q}
 k - 4 potions of berserk rage {!q}
 p - 4 potions of might
 r - 24 potions of curing
 A - 5 potions of haste
 D - 11 potions of mutation {!q}
 E - 6 potions of magic
 F - a potion of cancellation
 H - 2 potions of invisibility
 L - 5 potions of flight
 P - 3 potions of ambrosia
Miscellaneous
 h - 3 sacks of spiders
 l - a lamp of fire (inert)
   (You found it on level 3 of the Elven Halls)
 m - a box of beasts
 o - a phial of floods
   (You found it on level 5 of the Vaults)
 q - 3 phantom mirrors
Comestibles
 d - 4 chunks of flesh {@w0}
 f - 89 rations


   Skills:
 + Level 19.7(24.7) Fighting
   Level 0.7(5.7) Short Blades
 + Level 17.6(22.6) Throwing
 + Level 15.7(20.7) Armour
 - Level 12.3(17.3) Dodging
 - Level 2.0(7.0) Stealth
 + Level 14.1(19.1) Shields
 + Level 21.2(26.2) Unarmed Combat
 - Level 8.0 Invocations
 + Level 11.0 Evocations


You had 25 spell levels left.
You didn't know any spells.
Your spell library contained the following spells:

 Spells                   Type           Power        Failure   Level  Hunger
 Animate Skeleton         Necr           N/A          54%         1    ##.....
 Apportation              Tloc           #.....       54%         1    ##.....
 Beastly Appendage        Tmut           #.....       54%         1    ##.....
 Corona                   Hex            #......      54%         1    ##.....
 Foxfire                  Conj/Fire      #...         54%         1    ##.....
 Freeze                   Ice            #...         54%         1    ##.....
 Magic Dart               Conj           #...         54%         1    ##.....
 Shock                    Conj/Air       #...         54%         1    ##.....
 Sting                    Tmut/Pois      #...         54%         1    ##.....
 Summon Butterflies       Summ           #.......     54%         1    ##.....
 Summon Small Mammal      Summ           #...         54%         1    ##.....
 Blink                    Tloc           N/A          69%         2    ###....
 Call Imp                 Summ           #.......     69%         2    ###....
 Corpse Rot               Necr/Air       N/A          69%         2    ###....
 Ensorcelled Hibernation  Hex/Ice        #.....       69%         2    ###....
 Passwall                 Tmut/Erth      #.......     69%         2    ###....
 Poisonous Vapours        Pois/Air       #.....       69%         2    ###....
 Searing Ray              Conj           #.....       69%         2    ###....
 Shroud of Golubria       Chrm/Tloc      #.....       69%         2    ###....
 Slow                     Hex            #.......     69%         2    ###....
 Sublimation of Blood     Necr           #.........   69%         2    ###....
 Swiftness                Chrm/Air       #.......     69%         2    ###....
 Call Canine Familiar     Summ           #.......     89%         3    ####...
 Confusing Touch          Hex            #.......     89%         3    ####...
 Conjure Flame            Conj/Fire      #.......     89%         3    ####...
 Dazzling Flash           Conj/Hex       #.....       89%         3    ####...
 Frozen Ramparts          Ice            #.....       89%         3    ####...
 Gell's Gravitas          Tloc           #.........   89%         3    ####...
 Ignite Poison            Fire/Tmut/Pois #.......     89%         3    ####...
 Inner Flame              Hex/Fire       #.......     89%         3    ####...
 Lesser Beckoning         Tloc           #.........   89%         3    ####...
 Mephitic Cloud           Conj/Pois/Air  #.......     89%         3    ####...
 Ozocubu's Armour         Chrm/Ice       #.......     89%         3    ####...
 Portal Projectile        Hex/Tloc       #.....       89%         3    ####...
 Spider Form              Tmut/Pois      #.........   89%         3    ####...
 Static Discharge         Conj/Air       #.......     89%         3    ####...
 Summon Guardian Golem    Hex/Summ       #.......     89%         3    ####...
 Teleport Other           Tloc           #.......     89%         3    ####...
 Tukima's Dance           Hex            #.......     89%         3    ####...
 Airstrike                Air            #.........   100%        4    #####..
 Animate Dead             Necr           N/A          100%        4    #####..
 Cause Fear               Hex            #.........   100%        4    #####..
 Dispel Undead            Necr           #.......     100%        4    #####..
 Fulminant Prism          Conj/Hex       #.........   100%        4    #####..
 Hailstorm                Conj/Ice       #.......     100%        4    #####..
 Ice Form                 Ice/Tmut       #.......     100%        4    #####..
 Iskenderun's Mystic Bla  Conj/Tloc      #.......     100%        4    #####..
 Leda's Liquefaction      Hex/Erth       #.........   100%        4    #####..
 Olgreb's Toxic Radiance  Pois           #.......     100%        4    #####..
 Passage of Golubria      Tloc           N/A          100%        4    #####..
 Summon Ice Beast         Ice/Summ       #.......     100%        4    #####..
 Summon Lightning Spire   Summ/Air       #.......     100%        4    #####..
 Agony                    Necr           #.......     100%        5    ######.
 Alistair's Intoxication  Tmut/Pois      #.......     100%        5    ######.
 Bolt of Magma            Conj/Fire/Erth #.........   100%        5    ######.
 Borgnjor's Vile Clutch   Necr/Erth      #.........   100%        5    ######.
 Excruciating Wounds      Chrm/Necr      #.........   100%        5    ######.
 Fireball                 Conj/Fire      #.........   100%        5    ######.
 Irradiate                Conj/Tmut      #.........   100%        5    ######.
 Lee's Rapid Deconstruct  Erth           #.........   100%        5    ######.
 Lightning Bolt           Conj/Air       #.........   100%        5    ######.
 Silence                  Hex/Air        #.........   100%        5    ######.
 Summon Demon             Summ           #.........   100%        5    ######.
 Summon Forest            Summ/Tloc      #.........   100%        5    ######.
 Summon Mana Viper        Hex/Summ       #.......     100%        5    ######.
 Yara's Violent Unravell  Hex/Tmut       #.........   100%        5    ######.
 Conjure Ball Lightning   Conj/Air       #.........   100%        6    #######
 Darkness                 Hex            #.........   100%        6    #######
 Deflect Missiles         Chrm/Air       #.........   100%        6    #######
 Freezing Cloud           Conj/Ice/Air   #.........   100%        6    #######
 Hydra Form               Tmut           #.........   100%        6    #######
 Invisibility             Hex            #.......     100%        6    #######
 Iron Shot                Conj/Erth      #.........   100%        6    #######
 Shadow Creatures         Summ           N/A          100%        6    #######
 Simulacrum               Ice/Necr       #.........   100%        6    #######
 Starburst                Conj/Fire      #.........   100%        6    #######
 Statue Form              Tmut/Erth      #........    100%        6    #######
 Dragon Form              Tmut           #.........   100%        7    #######
 Malign Gateway           Summ/Tloc      #.........   100%        7    #######
 Monstrous Menagerie      Summ           #.........   100%        7    #######
 Ring of Flames           Chrm/Fire      #.........   100%        7    #######
 Spellforged Servitor     Conj/Summ      #.........   100%        7    #######
 Summon Greater Demon     Summ           #.........   100%        7    #######
 Summon Hydra             Summ           #.........   100%        7    #######
 Discord                  Hex            #.........   100%        8    #######
 Ignition                 Fire           #.........   100%        8    #######
 Summon Horrible Things   Summ           #.........   100%        8    #######
 Tornado                  Air            #.........   100%        9    #######


Dungeon Overview and Level Annotations

Branches:
Dungeon (15/15)            Temple (1/1) D:7            Lair (6/6) D:8
 Shoals (4/4) Lair:2        Snake (4/4) Lair:3        Slime (0/5) Lair:6
    Orc (2/2) D:12            Elf (3/3) Orc:2        Vaults (5/5) D:14
  Crypt (3/3) Vaults:3       Tomb (0/3) Crypt:3      Depths (5/5) D:15
    Zot (2/5) Depths:5      IceCv (visited)

Altars:
Cheibriados
Elyvilon
Fedhas
Gozag
Hepliaklqana
Kikubaaqudgha
Makhleb
Nemelex Xobeh
Okawaru
Qazlal
Ru
Sif Muna
Trog
Uskayaw
Vehumet
Wu Jian
Xom
Yredelemnul
Zin
Beogh
Jiyva
Lugonu

Shops:
D:5 *   D:12 }   Orc:2 *}!([   Elf:3 :*((   Snake:2 =}}   Vaults:1 !
Vaults:3 *   Vaults:4 *   Crypt:2 *   Depths:2 [

Portals:
Hell: Depths:1 Depths:2 Depths:3 Depths:4 Depths:5
Abyss: Depths:1 Depths:4 Depths:5
Pandemonium: Depths:3
Ziggurat: Depths:1

Annotations:
D:14 exclusion: obsidian statue
Lair:5 3 runed translucent doors, sixsigma's ghost, journeyman GnWz
Snake:1 Aizul
Vaults:2 3 runed translucent doors, Isedumueph's ghost, veteran HuFi
Crypt:2 3 runed translucent doors, exclusion: obsidian statue, Jyumazes's ghost, adept GrFi
Depths:3 1 exclusion
Zot:2 1 exclusion


Innate Abilities, Weirdness & Mutations

You are too large for most types of armour.
You have claws for hands.
Your metabolism is lightning-fast.
You like to eat raw meat.
Your natural rate of healing is unusually fast.
You are covered in fur. (AC +1)
You have extremely tough skin. (AC +3)


Message History

You feel sick. The death cob barely misses you.
You block the death cob's attack.
The green draconian closely misses your red draconian.
The green draconian barely misses your red draconian.
The quicksilver dragon bites your red draconian!
The quicksilver dragon claws your red draconian.
Your red draconian closely misses the quicksilver dragon.
Your red draconian hits the green draconian but does no damage.
Lightning courses through the green draconian!!
Your red draconian hits the white draconian with a +1 hand axe of electrocution.
Lightning courses through the white draconian!
The white draconian dies!
Okawaru accepts your kill.
The black draconian is engulfed in poison gas.
The black draconian looks as sick as possible!
You block the death cob's attack.
You regained 5 hp, and now have 8/282 hp.
Spoiler Alert: The quicksilver dragon can dispel your buffs!
You feel better.
You are engulfed in poison gas.
You are poisoned.
* * * LOW HITPOINT WARNING * * *
You feel sick.
The death cob hits you but does no damage.
The quicksilver dragon barely misses your red draconian.
The quicksilver dragon claws your red draconian!
You block the death cob's attack.
The black draconian is engulfed in poison gas.
The black draconian looks as sick as possible!
Your red draconian breathes flames at the quicksilver dragon.
The searing blast hits the quicksilver dragon!
The green draconian hits your red draconian with a +0 glaive!
The green draconian misses your red draconian.
The quicksilver dragon breathes dispelling energy at your red draconian.
The bolt of dispelling energy hits your red draconian!!
Your red draconian dies!
Your red draconian's corpse dissolves into shadows!
The green draconian roars!
You hear a roar! x3
You regained 6 hp, and now have 14/282 hp.
Spoiler Alert: The quicksilver dragon (unaware) can dispel your buffs!
Really read
x - 2 scrolls of blinking {!r}?
Your blink will be uncontrolled - continue anyway?
The Orb prevents control of your translocation!
You blink.
As you read the scroll of blinking {!r}, it crumbles to dust.
You feel sick.
The death cob hits you but does no damage.
Okay, then.
Unknown command.
Unknown command.
Unknown command.
Evoke which item? (* to show all) (? for menu, Esc to quit)
Aim the lamp in which direction?
Press: ? - help, Dir - move target cursor The flames dance!
The trail of fire hits the death cob!
The death cob is moderately damaged.
The trail of fire hits the black draconian.
The black draconian is moderately wounded.
You feel sick. The death cob hits you!
* * * LOW HITPOINT WARNING * * *
The death cob drains your vigour!
You feel yourself slow down. You block the death cob's attack.
The black draconian is engulfed in blazing flames.
The death cob closely misses you.
You take 8 damage, and have 6/282 hp.
Unknown command.
Unknown command.
Unknown command.
There are monsters nearby!
Unknown command.
You feel better. The death cob closely misses you.
You block the death cob's attack.
The black draconian is engulfed in blazing flames.
You block the death cob's attack.
The black draconian is engulfed in blazing flames.
You regained 9 hp, and now have 15/282 hp.
Evoke which item? (* to show all) (? for menu, Esc to quit)
You open the lid... ...and a mature weirdsting beast leaps out!
The now-empty box falls apart.
You block the death cob's attack. x2
The death cob closely misses you.
The black draconian is engulfed in blazing flames.
You block the death cob's attack.
Unknown command.
Unknown command.
Unknown command.
Unknown command.
Unknown command.
Unknown command.
Unknown command.
You swap places.
An electric golem and a green draconian come into view.
The death cob hits your mature weirdsting beast!!
The electric golem hurls lightning at you.
The bolt of lightning hits you! You resist.
* * * LOW HITPOINT WARNING * * *
The death cob hits your mature weirdsting beast but does no damage.
The electric golem hurls lightning at you.
The bolt of lightning hits you! You resist.
You die...

.....$#.. ......#
.....D.# 8......#
##.../####......#
......d##.#....)
........#d#.....##
...z..☼dDd#......#
.........○##.....#
##....[...#d.....#
#.....#...#☼.#.@#
#........##○##.H#
........D)##○##z##
....#.......°§d#
..##..#.d..§d##
..##..§..##
......§.##
.....°.## ......#


You could see an electric golem, a black draconian, 2 draconians, a death cob
and a friendly mature weirdsting beast.

Vanquished Creatures
  A juggernaut (Depths:4)
  Sojobo (Vaults:2)
  Boris (4 times) (Vaults:3 Crypt:2 Depths:2 Vaults:5)
  A Killer Klown (Zot:1)
  3 curse toes
  Bai Suzhen (Crypt:1)
  Saint Roka (Vaults:4)
  Xtahua (Crypt:3)
  4 golden dragons
  4 tentacled monstrosities
  An Ice Fiend (IceCv)
  Jorgrun (D:13)
  Rupert (Lair:3)
  Asterion (Vaults:2)
  2 liches
  4 titans (Vaults:5)
  2 deep elf master archers (Elf:3)
  A death cob (Zot:1)
  A kraken (Shoals:4)
  6 sphinxes
  11 ancient champions
  8 tengu reavers
  4 revenants
  4 storm dragons
  Kirke (Snake:4)
  6 shadow dragons
  Ilsuiw (Shoals:4)
  8 nagarajas
  Roxanne (Elf:1)
  Donald (Orc:2)
  10 fire giants
  4 iron dragons
  13 frost giants
  A draconian knight (Depths:4)
  21 deep elf sorcerers
  An orc warlord (Orc:2)
  Louise (Snake:4)
  12 vault wardens
  7 ghouls (Crypt:2)
  4 deep elf elementalists
  A draconian shifter (Zot:1)
  5 war gargoyles
  A spriggan defender (Depths:4)
  16 ironheart preservers
  The ghost of Unusur the Thaumaturge, a journeyman GnNe of Dithmenos (Orc:1)
  8 vampire knights
  7 very ugly things
  2 entropy weavers
  18 stone giants
  6 dire elephants
  9 deep elf annihilators
  A lorocyproca (Depths:3)
  5 deep elf demonologists
  A black draconian (Depths:5)
  Azrael (Orc:1)
  A red draconian (Depths:5)
  2 purple draconians (Depths:5)
  A white draconian (Zot:1)
  A yellow draconian (Zot:1)
  2 spark wasps (Depths:5)
  3 eidola (Crypt:1)
  4 merfolk javelineers
  16 ettins
  10 jiangshi
  11 deep elf death magi
  16 fire dragons
  Snorg (Lair:3)
  A fire dragon (shapeshifter) (Vaults:5)
  24 yaktaur captains
  11 great orbs of eyes
  Josephine (Orc:1)
  8 deep elf high priests
  7 merfolk impalers
  8 ice dragons
  23 vault guards
  4 hydras
  2 quicksilver dragon skeletons (Crypt:3)
  5 rakshasas
  Erolcha (Orc:2)
  9 centaur warriors
  14 naga warriors
  A monstrous demonspawn (Depths:3)
  A death knight (D:8)
  4 spriggan air magi
  2 satyrs (Shoals:4)
  9 anacondas
  47 two-headed ogres
  3 merfolk avatars
  2 merfolk aquamancers
  30 dancing weapons
  10 deep troll shamans
  15 death yaks
  5 tengu warriors
  12 deep troll earth magi
  13 vampire magi
  4 spriggan berserkers
  18 ogre magi
  Urug (Lair:6)
  16 naga sharpshooters
  3 orc high priests
  24 deep elf knights
  A shock serpent (shapeshifter) (Vaults:4)
  3 shock serpents
  Nergalle (Orc:2)
  2 soul eaters (Crypt:1)
  A salamander mystic (Depths:5)
  5 iron trolls
  40 skeletal warriors
  3 shadow wraiths
  A hell knight (Depths:5)
  4 glowing orange brains
  9 unseen horrors
  17 sea snakes
  2 shadow demons (Depths:3)
  30 deep trolls
  11 naga ritualists
  An anaconda zombie (Crypt:1)
  7 wizards
  A shadow dragon zombie (Crypt:1)
  4 flayed ghosts
  28 harpies
  Pikel (D:6)
  14 deep elf archers
  13 ironbrand convokers
  9 phantasmal warriors
  A lindwurm (shapeshifter) (Vaults:5)
  17 orc knights
  4 necromancers
  A frost giant zombie (Crypt:3)
  15 manticores
  An iron dragon zombie (Crypt:1)
  8 mana vipers
  4 wolf spiders
  9 cyclopes
  61 deep elf magi
  55 ugly things
  25 fauns
  12 orc sorcerers
  A salamander (shapeshifter) (Depths:1)
  3 sphinx skeletons
  10 salamanders
  An iron dragon skeleton (Crypt:3)
  8 merfolk sirens
  10 elephants
  2 moths of wrath (Zot:1)
  23 naga magi
  44 black mambas
  2 stone giant skeletons
  Joseph (D:10)
  A rust devil (Depths:3)
  13 vault sentinels
  7 water nymphs
  An eye of devastation (shapeshifter) (Vaults:5)
  5 spectral swamp worms (Depths:4)
  3 frost giant skeletons
  2 ice statues
  Psyche (D:8)
  An eye of devastation (Snake:3)
  Maurice (D:10)
  A guardian serpent (Snake:4)
  2 fire giant skeletons (Vaults:3)
  2 gargoyles
  Maggie (D:6)
  3 rime drakes (Lair:6)
  2 human zombies
  A rime drake (shapeshifter) (Vaults:1)
  13 spiny frogs
  A dire elephant skeleton (Crypt:3)
  6 small abominations
  45 yaktaurs
  6 komodo dragons
  3 anaconda simulacra (IceCv)
  The ghost of FrozenTrovador the Caller, a novice MfSu of Hepliaklqana (D:5)
  12 freezing wraiths
  A yaktaur (shapeshifter) (Vaults:5)
  23 merfolk
  3 kobold demonologists
  7 ice devils (IceCv)
  6 tengu conjurers
  A sea snake skeleton (Crypt:3)
  11 trolls
  2 polar bears (Lair:6)
  2 trolls (shapeshifter)
  A wolf spider simulacrum (IceCv)
  A meliai (shapeshifter) (Vaults:5)
  26 blink frogs
  13 slime creatures
  A raiju (shapeshifter) (Depths:5)
  6 wind drakes
  7 hippogriffs
  10 hornets
  A wind drake (shapeshifter) (Depths:5)
  4 snapping turtles (Shoals:4)
  2 bog bodies (Crypt:2)
  A dream sheep (shapeshifter) (Vaults:5)
  A hornet (shapeshifter) (Vaults:2)
  A guardian serpent zombie (Crypt:2)
  A meliai zombie (D:14)
  2 ice dragon zombies
  A stone giant simulacrum (Vaults:2)
  A redback (shapeshifter) (Depths:2)
  4 flying skulls (Crypt:2)
  An ice dragon skeleton (Crypt:3)
  4 wyverns
  2 ettin skeletons (Vaults:3)
  6 wraiths
  A wind drake zombie (Crypt:2)
  3 redbacks
  10 water elementals
  A yak (shapeshifter) (D:14)
  3 vampires (Crypt:3)
  33 yaks
  4 dire elephant simulacra (IceCv)
  A basilisk (Lair:5)
  An air elemental (Elf:3)
  A golden eye (shapeshifter) (Depths:1)
  4 fire elementals
  7 chaos spawn
  4 large abominations (Depths:1)
  3 vampire mosquitoes
  6 hungry ghosts
  8 wargs
  Menkaure (D:4)
  4 iron troll simulacra (IceCv)
  A human simulacrum (Vaults:3)
  Edmund (D:6)
  A harpy simulacrum (IceCv)
  52 nagas
  A deep troll skeleton (Crypt:2)
  2 hydra simulacra (IceCv)
  2 water moccasins
  2 hell hounds
  Duvessa (D:4)
  A soldier ant (shapeshifter) (Vaults:1)
  7 porcupines
  2 swamp drakes (D:12)
  2 merfolk skeletons
  49 orc warriors
  A sky beast (shapeshifter) (Vaults:1)
  A black bear (shapeshifter) (Vaults:1)
  A swamp dragon zombie (Crypt:3)
  3 black bears
  5 ice beasts
  2 phantoms
  14 boggarts
  A tengu (D:15)
  20 wolves
  An eye of draining (shapeshifter) (Vaults:3)
  2 ettin simulacra
  2 necrophages (Crypt:2)
  5 sky beasts
  An eye of draining (D:13)
  A lindwurm skeleton (Crypt:3)
  40 ogres
  20 centaurs
  An elf skeleton (Vaults:3)
  An orc skeleton (Vaults:1)
  4 human skeletons
  9 crocodiles
  5 big kobolds
  2 gnoll sergeants
  An earth elemental (Elf:1)
  2 wyvern zombies
  19 bullfrogs
  Dowan (D:4)
  A bullfrog (shapeshifter) (Vaults:3)
  A wyvern skeleton (D:10)
  3 scorpions
  18 killer bees
  A polar bear zombie (Crypt:2)
  A yak skeleton (Crypt:1)
  A swamp dragon simulacrum (IceCv)
  3 troll skeletons
  3 howler monkeys
  20 wights
  6 crimson imps
  A bullfrog zombie (D:13)
  A quasit (D:14)
  3 centaur zombies
  2 draconian simulacra (IceCv)
  7 centaur skeletons
  A gnoll shaman (D:4)
  6 hounds
  3 bullfrog skeletons
  2 jellies
  40 orc wizards
  Crazy Yiuf (D:2)
  27 orc priests
  4 iguanas
  8 worker ants
  A troll simulacrum (IceCv)
  2 polar bear simulacra (IceCv)
  A killer bee zombie (D:7)
  A wolf simulacrum (IceCv)
  An acid dragon skeleton (Crypt:3)
  2 hound skeletons (D:8)
  Robin (D:4)
  15 gnolls
  A naga simulacrum (IceCv)
  4 ogre simulacra (IceCv)
  13 adders
  5 shadow imps
  10 white imps (IceCv)
  3 ufetubi (IceCv)
  An adder zombie (D:6)
  An adder skeleton (D:6)
  An iguana skeleton (Crypt:1)
  A worm (D:4)
  A barachi skeleton (Crypt:2)
  A dart slug (D:3)
  6 leopard geckos
  130 orcs
  3 giant cockroaches
  20 goblins
  7 hobgoblins
  19 jackals
  3 quokkas
  2 ball pythons (D:3)
  A ball python skeleton (Crypt:1)
  4 bats
  3 frilled lizards
  12 kobolds
  A kobold simulacrum (Crypt:1)
  A leopard gecko skeleton (Crypt:2)
  An orc zombie (Crypt:1)
  A quokka skeleton (D:4)
  8 rats
  A fungus (Lair:3)
  A plant (Shoals:4)
  4 tentacles (Shoals:4)
2303 creatures vanquished.

Vanquished Creatures (collateral kills)
  A white draconian (Zot:1)
  Blork the orc (D:4)
  2 leopard geckos (D:4)
4 creatures vanquished.

Vanquished Creatures (others)
  A storm dragon (Zot:1)
  A yaktaur captain (Depths:5)
  A merfolk aquamancer (Shoals:4)
  An unseen horror (Vaults:1)
  3 yaktaurs
  A yak (D:12)
  7 humans (Snake:4)
  A slave (D:6)
  A boggart (Depths:3)
  A centaur (D:12)
  A wight (D:6)
  A crimson imp (D:14)
  An orc priest (Orc:2)
  An orc wizard (Orc:2)
  2 orcs
  A crawling corpse (Elf:3)
  10 fungi (Lair:6)
  70 plants
  6 tentacles (Shoals:4)
111 creatures vanquished.

Grand Total: 2418 creatures vanquished

Notes
Turn   | Place    | Note
-------+----------+-------------------------------------------
     0 | D:1      | Mgcat the Troll Artificer began the quest for the Orb.
     0 | D:1      | Reached XP level 1. HP: 18/18 MP: 1/1
   184 | D:1      | Reached skill level 1 in Fighting
   185 | D:1      | Reached XP level 2. HP: 27/27 MP: 2/2
   186 | D:1      | Reached skill level 1 in Unarmed Combat
   735 | D:2      | Found a runed translucent door.
   736 | D:2      | Noticed Crazy Yiuf
   808 | D:2      | Reached XP level 3. HP: 33/33 MP: 3/3
   940 | D:2      | Killed Crazy Yiuf
   940 | D:2      | Reached skill level 2 in Dodging
  1076 | D:2      | Reached skill level 1 in Stealth
  1076 | D:2      | Reached skill level 2 in Unarmed Combat
  1076 | D:2      | Reached XP level 4. HP: 36/41 MP: 4/4
  1307 | D:3      | Reached XP level 5. HP: 48/48 MP: 5/5
  1515 | D:3      | Reached skill level 3 in Unarmed Combat
  1582 | D:3      | Reached XP level 6. HP: 45/57 MP: 7/7
  1768 | D:4      | Reached skill level 2 in Fighting
  1954 | D:4      | Noticed Menkaure
  1965 | D:4      | Noticed Blork the orc
  1972 | D:4      | HP: 14/57 [??? (11)]
  1975 | D:4      | Killed Blork the orc
  2386 | D:4      | Reached skill level 3 in Evocations
  2395 | D:3      | Reached skill level 3 in Dodging
  2515 | D:4      | HP: 7/58 [orc priest/divine providence (13)]
  2615 | D:4      | Noticed Robin
  2735 | D:4      | Reached XP level 7. HP: 50/66 MP: 8/8
  2754 | D:4      | Reached skill level 4 in Unarmed Combat
  2766 | D:4      | Killed Robin
  2832 | D:4      | Noticed Duvessa
  2901 | D:4      | Noticed Dowan
  2915 | D:4      | Killed Duvessa
  2915 | D:4      | Reached skill level 2 in Stealth
  2943 | D:4      | Killed Dowan
  3098 | D:4      | Killed Menkaure
  3098 | D:4      | Reached skill level 3 in Fighting
  3098 | D:4      | Reached skill level 5 in Unarmed Combat
  3098 | D:4      | Reached XP level 8. HP: 75/75 MP: 9/9
  3450 | D:5      | Entered Level 5 of the Dungeon
  3658 | D:5      | Found a large runed translucent door.
  3658 | D:5      | Found a large runed translucent door.
  3669 | D:5      | Noticed FrozenTrovador's ghost (novice MfSu)
  3720 | D:5      | Found a sparkling altar of Nemelex Xobeh.
  3884 | D:5      | Found Uppumaz's Assorted Antiques.
  3889 | D:5      | Bought a copper ring for 145 gold pieces
  4038 | D:5      | Reached skill level 4 in Dodging
  4125 | D:5      | Reached skill level 4 in Evocations
  4323 | D:6      | Noticed Edmund
  4336 | D:6      | Reached skill level 6 in Unarmed Combat
  4340 | D:6      | Reached skill level 4 in Fighting
  4382 | D:6      | Killed Edmund
  4512 | D:6      | Noticed Maggie
  4520 | D:6      | Killed Maggie
  4520 | D:6      | Reached XP level 9. HP: 85/85 MP: 11/11
  4587 | D:6      | Found a hide-covered altar of Uskayaw.
  4587 | D:6      | Found a white marble altar of Elyvilon.
  4587 | D:6      | Found an ancient bone altar of Kikubaaqudgha.
  4764 | D:6      | Noticed Pikel
  4776 | D:6      | Killed Pikel
  4776 | D:6      | Reached skill level 5 in Dodging
  4927 | D:6      | Reached skill level 7 in Unarmed Combat
  4927 | D:6      | Reached skill level 5 in Evocations
  5244 | D:6      | Reached skill level 5 in Fighting
  5555 | D:7      | Found a staircase to the Ecumenical Temple.
  5581 | Temple   | Entered the Ecumenical Temple
  5641 | Temple   | Became a worshipper of Warmaster Okawaru
  5804 | D:7      | Reached skill level 1 in Armour
  5880 | D:7      | Reached skill level 1 in Invocations
  5901 | D:7      | Reached * piety under Okawaru
  5913 | D:7      | Reached XP level 10. HP: 42/96 MP: 12/12
  5976 | D:7      | Reached skill level 2 in Armour
  6065 | D:7      | Reached skill level 6 in Dodging
  6135 | D:7      | Found a sand-covered staircase.
  6242 | D:7      | Reached skill level 2 in Invocations
  6381 | D:7      | HP: 24/98 [poisoned by a worker ant]
  6622 | D:8      | Found a glowing silver altar of Zin.
  6653 | D:8      | Found a staircase to the Lair.
  6807 | D:8      | Reached skill level 8 in Unarmed Combat
  6843 | D:8      | Found a hazy altar of Hepliaklqana.
  6848 | D:8      | Found a glowing silver altar of Zin.
  6849 | D:8      | Found a bloodstained altar of Trog.
  6850 | D:8      | Found a stormy altar of Qazlal.
  6852 | D:8      | Found a burning altar of Makhleb.
  6853 | D:8      | Found a sacrificial altar of Ru.
  6971 | D:8      | Reached ** piety under Okawaru
  7023 | D:8      | Noticed a death knight
  7065 | D:8      | Killed a death knight
  7065 | D:8      | Reached skill level 6 in Fighting
  7065 | D:8      | Reached skill level 3 in Armour
  7065 | D:8      | Reached skill level 3 in Invocations
  7139 | D:8      | Noticed Psyche
  7282 | D:8      | Found a blossoming altar of Fedhas.
  7699 | D:9      | Reached *** piety under Okawaru
  7951 | D:9      | Found an ornate altar of the Wu Jian Council.
  8024 | D:9      | Noticed an ice statue
  8148 | D:10     | Entered Level 10 of the Dungeon
  8205 | D:10     | Noticed Joseph
  8227 | D:10     | Found a shimmering blue altar of Sif Muna.
  8358 | D:10     | Noticed Maurice
  8445 | D:10     | Killed Maurice
  8532 | D:10     | Noticed an unseen horror
  8542 | D:10     | Killed an unseen horror
  8542 | D:10     | Reached **** piety under Okawaru
  8542 | D:10     | Reached skill level 4 in Invocations
  8542 | D:10     | Reached XP level 11. HP: 107/107 MP: 13/13
  9226 | D:11     | Reached skill level 4 in Armour
  9253 | D:11     | Reached skill level 7 in Dodging
  9367 | D:11     | Reached skill level 9 in Unarmed Combat
  9669 | D:11     | Reached skill level 7 in Fighting
  9770 | D:11     | Found a burning altar of Makhleb.
  9795 | D:11     | Noticed a green ugly thing
  9972 | D:11     | Noticed a brown ugly thing
  9985 | D:11     | Killed a brown ugly thing
  9985 | D:11     | Reached ***** piety under Okawaru
  9985 | D:11     | Reached skill level 5 in Invocations
 10371 | D:5      | Killed FrozenTrovador's ghost
 10514 | D:8      | Killed Psyche
 10776 | D:10     | Killed Joseph
 10776 | D:10     | Reached skill level 5 in Armour
 10894 | D:11     | Killed a green ugly thing
 10947 | D:11     | Noticed a tengu warrior
 11220 | D:11     | Killed a tengu warrior
 11388 | D:11     | Reached skill level 8 in Dodging
 11456 | D:11     | Reached skill level 10 in Unarmed Combat
 11456 | D:11     | Noticed a deep elf knight
 11463 | D:11     | Reached XP level 12. HP: 103/119 MP: 6/14
 11471 | D:11     | Identified the ring "Ovvoisasy" {rC+ MR+}
 11471 | D:11     | Noticed a centaur warrior
 11486 | D:11     | Reached skill level 8 in Fighting
 11486 | D:11     | HP: 27/119 [centaur warrior/arrow (26)]
 11495 | D:11     | Killed a centaur warrior
 11496 | D:11     | HP: 44/178 [hippogriff (1)]
 11649 | D:11     | Identified the Collected Works on Transmigration and the
                  | Arsonist
 11848 | D:11     | Got a faintly glowing dagger
 12036 | D:5      | Bought a scroll labeled ECAMUBB IPOARA for 29 gold pieces
 12036 | D:5      | Bought a scroll labeled ECAMUBB IPOARA for 29 gold pieces
 12036 | D:5      | Bought a scroll labeled ECAMUBB IPOARA for 29 gold pieces
 12036 | D:5      | Bought a scroll labeled MIFOMI ANWAFFE for 29 gold pieces
 12036 | D:5      | Bought a potion of heal wounds for 145 gold pieces
 12036 | D:5      | Bought a blue potion for 26 gold pieces
 12138 | Lair:1   | Entered Level 1 of the Lair of Beasts
 12161 | Lair:1   | Received a gift from Okawaru
 12165 | Lair:1   | Reached skill level 1 in Throwing
 12182 | Lair:1   | Noticed a five-headed hydra
 12187 | Lair:1   | Killed a five-headed hydra
 12307 | Lair:1   | Reached skill level 2 in Throwing
 12379 | Lair:1   | HP: 24/122 [black mamba (8)]
 12384 | Lair:1   | HP: 17/122 [poisoned by a black mamba]
 12389 | Lair:1   | HP: 15/122 [poisoned by a black mamba]
 12395 | Lair:1   | HP: 17/122 [poisoned by a black mamba]
 12402 | Lair:1   | HP: 20/122 [poisoned by a black mamba]
 12410 | Lair:1   | HP: 24/122 [poisoned by a black mamba]
 13351 | Lair:2   | Reached skill level 3 in Throwing
 13588 | Lair:2   | Reached skill level 11 in Unarmed Combat
 14000 | Lair:2   | Found a staircase to the Shoals.
 14219 | Lair:3   | Noticed Snorg
 14232 | Lair:3   | Killed Snorg
 14232 | Lair:3   | Reached skill level 9 in Fighting
 14473 | Lair:3   | Noticed Rupert
 14506 | Lair:3   | HP: 46/184 [Rupert/+7 great mace of protection (11)]
 14508 | Lair:3   | Killed Rupert
 14508 | Lair:3   | Reached skill level 4 in Throwing
 14508 | Lair:3   | Reached skill level 6 in Invocations
 14764 | Lair:3   | Reached XP level 13. HP: 131/131 MP: 16/16
 14843 | Lair:3   | HP: 29/131 [five-headed hydra (10)]
 15116 | Lair:3   | Found a staircase to the Snake Pit.
 15121 | Lair:3   | Received a gift from Okawaru
 15317 | Lair:3   | Reached skill level 5 in Throwing
 15343 | Lair:3   | Received a gift from Okawaru
 15855 | Lair:4   | Reached skill level 7 in Invocations
 16108 | Lair:4   | Reached skill level 12 in Unarmed Combat
 16131 | Lair:4   | Reached skill level 6 in Throwing
 16335 | Lair:4   | Reached skill level 10 in Fighting
 16340 | Lair:4   | Received a gift from Okawaru
 17159 | Lair:5   | Found a runed translucent gate.
 17536 | Lair:5   | Reached skill level 8 in Invocations
 17833 | Lair:5   | Found a runed translucent gate.
 17833 | Lair:5   | Noticed sixsigma's ghost (journeyman GnWz)
 17834 | Lair:5   | Found a runed translucent gate.
 18055 | Lair:6   | Entered Level 6 of the Lair of Beasts
 18127 | Lair:5   | Reached skill level 7 in Throwing
 18160 | Lair:6   | Reached XP level 14. HP: 137/143 MP: 19/19
 18293 | Lair:6   | Reached ****** piety under Okawaru
 18352 | Lair:6   | Received a gift from Okawaru
 18410 | Lair:6   | Reached skill level 13 in Unarmed Combat
 18520 | Lair:6   | Reached skill level 8 in Throwing
 18873 | Lair:6   | Reached skill level 14 in Unarmed Combat
 19007 | Lair:6   | Noticed Urug
 19025 | Lair:6   | Killed Urug
 19135 | Lair:6   | Got a warped short sword
 19209 | Lair:6   | Found a viscous altar of Jiyva.
 19209 | Lair:6   | Found a staircase to the Slime Pits.
 20138 | D:12     | Found Aduenad's Gadget Emporium.
 20652 | D:12     | Found a staircase to the Orcish Mines.
 20676 | D:12     | Received a gift from Okawaru
 20934 | D:13     | Received a gift from Okawaru
 20937 | D:13     | Got an ivory arbalest {god gift}
 21049 | D:13     | Found a white marble altar of Elyvilon.
 21111 | D:13     | Noticed Jorgrun
 21120 | D:13     | Killed Jorgrun
 21969 | D:14     | Reached skill level 9 in Dodging
 22154 | D:14     | Reached XP level 15. HP: 138/152 MP: 20/20
 22194 | D:14     | Reached skill level 6 in Armour
 22247 | D:14     | Received a gift from Okawaru
 22252 | D:14     | Got a jewelled hat {god gift}
 22263 | D:14     | Identified the +0 hat "Asmeitel" {rPois} (Okawaru gifted it
                  | to you on level 14 of the Dungeon)
 22279 | D:14     | Upgraded the game from 0.25-a0-635-g0c6c292ef3 to
                  | 0.25-a0-647-gd602d06ee1
 22627 | D:14     | Reached skill level 9 in Throwing
 22823 | D:14     | Found a gate to the Vaults.
 23122 | D:15     | Entered Level 15 of the Dungeon
 23876 | D:15     | Paralysed by a hornet for 3 turns
 24165 | D:15     | Found a staircase to the Depths.
 24642 | Shoals:1 | Entered Level 1 of the Shoals
 24665 | Shoals:1 | Reached skill level 7 in Armour
 24689 | Shoals:1 | Reached skill level 11 in Fighting
 24929 | Shoals:1 | Received a gift from Okawaru
 25409 | Shoals:1 | Reached skill level 15 in Unarmed Combat
 25882 | Shoals:1 | HP: 38/154 [harpy (11)]
 25883 | Shoals:1 | Reached skill level 10 in Dodging
 25885 | Shoals:1 | HP: 18/154 [harpy (5)]
 26135 | Shoals:1 | Reached skill level 10 in Throwing
 26234 | Shoals:1 | Upgraded the game from 0.25-a0-647-gd602d06ee1 to
                  | 0.25-a0-661-g55ea3d2053
 26386 | Shoals:1 | Reached XP level 16. HP: 129/162 MP: 21/21
 26994 | Snake:1  | Entered Level 1 of the Snake Pit
 27083 | Snake:1  | Noticed Aizul
 27445 | Snake:1  | HP: 38/162 [something (6)]
 27893 | Snake:1  | HP: 39/162 [shock serpent/electric aura (10)]
 28160 | Snake:2  | Received a gift from Okawaru
 28692 | Snake:2  | Reached skill level 8 in Armour
 28850 | Snake:2  | Reached skill level 1 in Shields
 29075 | Snake:2  | Received a gift from Okawaru
 29297 | Snake:2  | Received a gift from Okawaru
 29297 | Snake:2  | Reached skill level 2 in Shields
 29458 | Snake:2  | Found Tuofuedgh's Gadget Shoppe.
 29459 | Snake:2  | Found Idonesh's Jewellery Boutique.
 29460 | Snake:2  | Found Naxkast's Gadget Shoppe.
 30010 | Snake:3  | Got a dazzling long sword
 30022 | Snake:3  | Received a gift from Okawaru
 30025 | Snake:3  | Got an ancient lajatang {god gift}
 30419 | Snake:4  | Entered Level 4 of the Snake Pit
 30935 | Snake:4  | Reached skill level 3 in Shields
 31369 | Snake:4  | Reached XP level 17. HP: 145/172 MP: 22/22
 31574 | Snake:4  | Reached skill level 11 in Throwing
 31830 | Snake:4  | Received a gift from Okawaru
 31974 | Snake:4  | Reached skill level 12 in Fighting
 32221 | Snake:4  | Reached skill level 11 in Dodging
 32273 | Snake:4  | Noticed Kirke
 32280 | Snake:4  | Killed Kirke
 32353 | Snake:4  | HP: 41/172 [nagaraja/+0 spear (3)]
 32356 | Snake:4  | HP: 19/172 [nagaraja/+0 spear (3)]
 32361 | Snake:4  | HP: 17/172 [poisoned by a nagaraja (poison arrow)]
 32379 | Snake:4  | HP: 39/172 [naga sharpshooter/arrow (20)]
 32577 | Snake:4  | Reached skill level 9 in Armour
 32646 | Snake:4  | Noticed Louise
 32659 | Snake:4  | Reached skill level 4 in Shields
 32672 | Snake:4  | Killed Louise
 32672 | Snake:4  | Reached skill level 16 in Unarmed Combat
 32951 | Snake:4  | Received a gift from Okawaru
 33681 | Snake:4  | Received a gift from Okawaru
 33795 | Snake:4  | Got a serpentine rune of Zot
 34864 | Shoals:2 | Reached skill level 5 in Shields
 34941 | Shoals:2 | You fall into a shaft and drop 1 floor!
 36007 | Shoals:4 | Entered Level 4 of the Shoals
 36045 | Shoals:4 | Reached XP level 18. HP: 150/183 MP: 23/23
 36057 | Shoals:4 | Received a gift from Okawaru
 36763 | Shoals:4 | HP: 42/184 [tentacle[a kraken] (11)]
 37070 | Shoals:4 | Identified the +12 dagger of Qostua {drain, Fragile rC+
                  | Int+3}
 37196 | Shoals:4 | Reached skill level 12 in Throwing
 37255 | Shoals:4 | Got a barnacled rune of Zot
 37375 | Shoals:4 | Noticed Ilsuiw
 37420 | Shoals:4 | Killed Ilsuiw
 37420 | Shoals:4 | Received a gift from Okawaru
 37420 | Shoals:4 | Reached skill level 10 in Armour
 37425 | Shoals:4 | HP: 34/184 [merfolk javelineer/silver javelin (16)]
 37430 | Shoals:4 | Got a crude robe {god gift}
 37616 | Shoals:4 | Identified the +1 robe of a volcano {MR- Dex+7} (Okawaru
                  | gifted it to you on level 4 of the Shoals)
 38058 | Orc:1    | Entered Level 1 of the Orcish Mines
 38449 | Orc:1    | Found a runed translucent door.
 38455 | Orc:1    | Noticed Unusur's ghost (journeyman GnNe)
 38482 | Orc:1    | Noticed Josephine
 38498 | Orc:1    | Killed Josephine
 38503 | Orc:1    | Reached skill level 13 in Fighting
 38692 | Orc:1    | Killed Unusur's ghost
 38692 | Orc:1    | Reached skill level 6 in Shields
 38735 | Orc:2    | Entered Level 2 of the Orcish Mines
 38780 | Orc:2    | Noticed Donald
 38823 | Orc:2    | Noticed Azrael
 38873 | Orc:1    | Killed Azrael
 39088 | Orc:2    | Killed Donald
 39096 | Orc:2    | Found a staircase to the Elven Halls.
 39472 | Orc:2    | Found Gimapt's General Store.
 39846 | Orc:2    | Found Zureq's Antique Armour Boutique.
 39870 | Orc:2    | Reached skill level 12 in Dodging
 40111 | Orc:2    | Noticed Nergalle
 40113 | Orc:2    | Found a roughly hewn altar of Beogh.
 40113 | Orc:2    | Noticed Erolcha
 40113 | Orc:2    | Found Rerphixa's Gadget Boutique.
 40300 | Orc:2    | Killed Nergalle
 40372 | Orc:2    | Found Ydayss's Antique Weapon Shop.
 40393 | Orc:2    | Found a radiant altar of Vehumet.
 40399 | Orc:2    | Killed Erolcha
 40406 | Orc:2    | Found Nyowyteq's Distillery.
 40430 | Orc:2    | Bought a potion of resistance for 130 gold pieces
 40430 | Orc:2    | Bought 2 potions of resistance for 260 gold pieces
 40432 | Orc:2    | Found an ancient bone altar of Kikubaaqudgha.
 40743 | Vaults:1 | Entered Level 1 of the Vaults
 41103 | Vaults:1 | Received a gift from Okawaru
 41215 | Vaults:1 | Received a gift from Okawaru
 41256 | Vaults:1 | Reached XP level 19. HP: 154/195 MP: 3/24
 41310 | Vaults:1 | Received a gift from Okawaru
 41541 | Vaults:1 | Found Ovecseirch's Distillery.
 41704 | Vaults:1 | Received a gift from Okawaru
 41713 | Vaults:1 | HP: 41/196 [deep troll[an ironheart preserver] (14)]
 41884 | Vaults:1 | Reached skill level 7 in Shields
 41909 | Vaults:1 | Reached skill level 17 in Unarmed Combat
 41987 | Vaults:1 | Got a bloodstained rapier {god gift}
 42441 | Snake:2  | Bought the ring "Cieps" {Fire +Blink Str+4 Int+2 Slay+2}
                  | for 720 gold pieces
 42860 | Vaults:1 | Reached skill level 14 in Fighting
 43181 | Vaults:1 | Received a gift from Okawaru
 43554 | Vaults:2 | Identified the cursed +0 kite shield of Wonder {rF+ Int+4}
 43554 | Vaults:2 | Noticed Asterion
 43572 | Vaults:2 | Killed Asterion
 43712 | Vaults:2 | Received a gift from Okawaru
 43754 | Vaults:2 | Reached skill level 11 in Armour
 43766 | Vaults:2 | Received a gift from Okawaru
 43782 | Vaults:2 | Reached skill level 13 in Throwing
 43831 | Vaults:2 | Received a gift from Okawaru
 44082 | Vaults:2 | Reached skill level 8 in Shields
 44295 | Vaults:2 | Found a runed translucent gate.
 44295 | Vaults:2 | Found a runed translucent gate.
 44295 | Vaults:2 | Found a runed translucent gate.
 44300 | Vaults:2 | Noticed Isedumueph's ghost (veteran HuFi)
 44533 | Vaults:2 | Noticed Sojobo
 44604 | Vaults:2 | Killed Sojobo
 44761 | Vaults:2 | Reached XP level 20. HP: 208/209 MP: 25/25
 45136 | Vaults:2 | Reached skill level 15 in Fighting
 45594 | Vaults:3 | Received a gift from Okawaru
 45655 | Vaults:3 | Received a gift from Okawaru
 45901 | Vaults:3 | Received a gift from Okawaru
 46187 | Vaults:3 | Found Rukigamp's Assorted Antiques.
 46197 | Vaults:3 | Reached skill level 9 in Shields
 46769 | Vaults:3 | Reached skill level 18 in Unarmed Combat
 46826 | Vaults:3 | Received a gift from Okawaru
 46973 | Vaults:3 | Received a gift from Okawaru
 46977 | Vaults:3 | Reached skill level 12 in Armour
 46995 | Vaults:3 | Found a staircase to the Crypt.
 47051 | Vaults:3 | Bought a scroll of enchant armour for 240 gold pieces
 47051 | Vaults:3 | Bought a clouded crystal amulet for 160 gold pieces
 47051 | Vaults:3 | Bought a scroll of magic mapping for 112 gold pieces
 47051 | Vaults:3 | Identified the amulet "Lythas" {Gourm rF+ rC+} (You bought
                  | it in a shop on level 3 of the Vaults)
 47251 | Vaults:3 | Noticed Boris
 47265 | Vaults:3 | Killed Boris
 47281 | Vaults:3 | Received a gift from Okawaru
 47685 | Vaults:4 | Reached skill level 14 in Throwing
 47704 | Vaults:4 | Received a gift from Okawaru
 47987 | Vaults:4 | Found a hide-covered altar of Uskayaw.
 48007 | Vaults:4 | Received a gift from Okawaru
 48122 | Vaults:4 | Found Jeruudd's General Store.
 48181 | Vaults:4 | Received a gift from Okawaru
 48186 | Vaults:4 | Reached XP level 21. HP: 217/221 MP: 26/26
 48196 | Vaults:4 | Reached skill level 16 in Fighting
 48350 | Vaults:4 | Received a gift from Okawaru
 48402 | Vaults:4 | Received a gift from Okawaru
 48416 | Vaults:4 | Noticed Saint Roka
 48430 | Vaults:4 | Killed Saint Roka
 48485 | Vaults:4 | Reached skill level 10 in Shields
 48741 | Vaults:4 | Received a gift from Okawaru
 49725 | Elf:1    | Entered Level 1 of the Elven Halls
 49791 | Elf:1    | HP: 50/223 [deep elf mage/stone arrow (19)]
 49796 | Elf:1    | HP: 46/223 [poisoned by a red devil]
 49801 | Elf:1    | HP: 46/223 [poisoned by a red devil]
 49806 | Orc:2    | HP: 46/223 [poisoned by a red devil]
 49813 | Orc:2    | HP: 48/223 [poisoned by a red devil]
 49818 | Orc:2    | HP: 51/223 [poisoned by a red devil]
 50059 | Elf:1    | Received a gift from Okawaru
 50108 | Elf:1    | Found a frozen archway.
 50119 | IceCv    | Entered an ice cave
 50417 | IceCv    | Received a gift from Okawaru
 50759 | Elf:1    | Received a gift from Okawaru
 51011 | Elf:1    | Identified Roxanne's Papyrus of Transformation
 51011 | Elf:1    | Noticed Roxanne
 51021 | Elf:1    | Killed Roxanne
 51867 | Elf:2    | Received a gift from Okawaru
 51868 | Elf:2    | Got a faintly humming kite shield {god gift}
 51869 | Elf:2    | Identified the +2 kite shield of Cumor {Int+4} (Okawaru
                  | gifted it to you on level 2 of the Elven Halls)
 52184 | Elf:2    | Found a runed translucent gate.
 52184 | Elf:2    | Found a runed translucent gate.
 52184 | Elf:2    | Found a runed translucent gate.
 52926 | Elf:2    | Reached skill level 6 in Evocations
 52962 | Elf:2    | Reached skill level 13 in Armour
 53036 | Elf:2    | Reached XP level 22. HP: 218/232 MP: 27/27
 53259 | Elf:3    | Entered Level 3 of the Elven Halls
 53317 | Elf:3    | HP: 53/234 [deep elf annihilator/bolt of lightning (20)]
 53322 | Elf:2    | HP: 35/234 [poisoned by a deep elf annihilator (poison
                  | arrow)]
 53327 | Elf:2    | HP: 35/234 [poisoned by a deep elf annihilator (poison
                  | arrow)]
 53333 | Elf:2    | HP: 37/234 [poisoned by a deep elf annihilator (poison
                  | arrow)]
 53339 | Elf:2    | HP: 39/234 [poisoned by a deep elf annihilator (poison
                  | arrow)]
 53347 | Elf:2    | HP: 44/234 [poisoned by a deep elf annihilator (poison
                  | arrow)]
 53355 | Elf:2    | HP: 49/234 [poisoned by a deep elf annihilator (poison
                  | arrow)]
 53606 | Elf:3    | Reached skill level 15 in Throwing
 53885 | Elf:3    | Reached skill level 19 in Unarmed Combat
 54075 | Elf:3    | Reached skill level 11 in Shields
 54080 | Elf:3    | Received a gift from Okawaru
 54397 | Elf:3    | Identified the +4 scimitar of Valour {antimagic, +Inv
                  | Int+4}
 54637 | Elf:3    | Identified Woph's Collected Works on Attacks
 54666 | Elf:3    | Got a translucent falchion
 54674 | Elf:3    | Got a polished dagger
 54701 | Elf:3    | Found the +8 storm bow {elec, penet}
 54706 | Elf:3    | Found the +2 Maxwell's thermic engine {flame, freeze}
 54737 | Elf:3    | Got a twitching zirconium amulet
 54743 | Elf:3    | Got a sparkling pewter ring
 54745 | Elf:3    | Got a sparkling bronze amulet
 54765 | Elf:3    | Identified the amulet "Qaituq" {Reflect rN+++ Int+4 Dex-3
                  | SH+3} (You found it on level 3 of the Elven Halls)
 54766 | Elf:3    | Identified the amulet of Vogeb {Reflect rC++ Dex+2 Slay+3
                  | SH+5} (You found it on level 3 of the Elven Halls)
 54767 | Elf:3    | Identified the ring "Bigecy" {+Blink MP-9 EV+6 Str+6} (You
                  | found it on level 3 of the Elven Halls)
 54841 | Elf:3    | Found Fethres's Book Emporium.
 54864 | Elf:3    | Found Jeiganoiry's Food Emporium.
 54893 | Elf:3    | Found Pumahof's Antique Weapon Shoppe.
 54913 | Elf:3    | Found Hegil's Weapon Emporium.
 55005 | Elf:3    | Found Qolewnump's Assorted Antiques.
 55020 | Elf:3    | Bought a wavering ivory ring for 155 gold pieces
 55020 | Elf:3    | Identified the cursed ring of Salvation {Str-2 Dex+2
                  | Slay+5} (You bought it in a shop on level 3 of the Elven
                  | Halls)
 55608 | Vaults:4 | Bought a manual of Fighting for 1876 gold pieces
 55699 | Crypt:1  | Entered Level 1 of the Crypt
 55873 | Crypt:1  | Reached skill level 7 in Evocations
 55948 | Crypt:1  | Reached skill level 17 in Fighting
 56050 | Crypt:1  | Noticed Bai Suzhen
 56071 | Crypt:1  | Killed Bai Suzhen
 56071 | Crypt:1  | Received a gift from Okawaru
 56072 | Crypt:1  | Found the +4 robe of Augmentation {Str+4 Int+4 Dex+4}
 56624 | Crypt:2  | Found a runed translucent gate.
 56624 | Crypt:2  | Found a runed translucent gate.
 56624 | Crypt:2  | Found an opulent altar of Gozag.
 56624 | Crypt:2  | Found a runed translucent gate.
 56660 | Crypt:2  | Noticed Jyumazes's ghost (adept GrFi)
 56697 | Crypt:2  | Reached XP level 23. HP: 203/244 MP: 23/28
 56715 | Crypt:2  | Noticed Boris
 56730 | Crypt:2  | Killed Boris
 56825 | Crypt:2  | Found Sirecask's Assorted Antiques.
 57421 | Crypt:3  | Entered Level 3 of the Crypt
 57551 | Crypt:3  | Noticed Xtahua
 57570 | Crypt:3  | Killed Xtahua
 57703 | Crypt:3  | Received a gift from Okawaru
 57712 | Crypt:3  | Reached skill level 8 in Evocations
 58049 | Crypt:3  | Found an ancient bone altar of Kikubaaqudgha.
 58049 | Crypt:3  | Noticed a curse toe
 58056 | Crypt:3  | Reached skill level 12 in Shields
 58067 | Crypt:3  | Noticed a curse toe
 58073 | Crypt:3  | Killed a curse toe
 58073 | Crypt:3  | Reached skill level 14 in Armour
 58077 | Crypt:3  | Killed a curse toe
 58105 | Crypt:3  | Found a basalt altar of Yredelemnul.
 58142 | Crypt:3  | Got a crude marble ring
 58147 | Crypt:3  | Identified the ring "Wozyeh" {*Slow rF++ rN+ Str+9} (You
                  | found it on level 3 of the Crypt)
 58154 | Crypt:3  | Got a clouded platinum ring
 58156 | Crypt:3  | Got a jewelled long sword
 58164 | Crypt:3  | Identified the ring "Emnoremi" {rPois rF+ rN+ MR+ Dex-4}
                  | (You found it on level 3 of the Crypt)
 58473 | Crypt:3  | Found a staircase to the Tomb.
 58851 | Depths:1 | Entered Level 1 of the Depths
 58924 | Depths:1 | You fall into a shaft and drop 1 floor!
 58939 | Depths:1 | Found an iron altar of Okawaru.
 58950 | Depths:1 | HP: 56/247 [iron troll (7)]
 59264 | Depths:1 | Found a gateway to Hell.
 59282 | Depths:1 | Found a gateway to a ziggurat.
 59309 | Depths:1 | Reached skill level 18 in Fighting
 59352 | Depths:1 | Found a runed translucent door.
 59564 | Depths:1 | Reached skill level 16 in Throwing
 59568 | Depths:1 | Found a portal to a secret trove of treasure.
 60065 | Orc:2    | Bought a potion of stabbing for 52 gold pieces
 60065 | Orc:2    | Bought a potion of mutation for 104 gold pieces
 60065 | Orc:2    | Bought a potion of mutation for 104 gold pieces
 60065 | Orc:2    | Bought a potion of mutation for 104 gold pieces
 60065 | Orc:2    | Bought 2 potions of stabbing for 104 gold pieces
 60338 | Depths:1 | Identified a scroll of acquirement
 60338 | Depths:1 | Identified the +9 tower shield "Fyowos Sare" {rPois rC-
                  | Int+6} (You acquired it on level 1 of the Depths)
 60338 | Depths:1 | Identified the ring of Fiop {MP+9 Int+4} (You acquired it
                  | on level 1 of the Depths)
 60345 | Depths:1 | You paid a toll of 7 potions of stabbing to enter a
                  | treasure trove
 60346 | Trove    | Entered a treasure trove
 60351 | Trove    | Got a warped copper amulet
 60353 | Trove    | Got a flickering bone ring
 60365 | Trove    | Got a crude iron ring
 60369 | Trove    | Got a wavering brass ring
 60377 | Trove    | Got a twitching copper amulet
 60413 | Depths:1 | Identified the amulet "Nyig" {Spirit rPois MR- Slay+4} (You
                  | found it in a treasure trove)
 60414 | Depths:1 | Identified the amulet "Tiwn" {RegenMP MP-9 Int+4 Stlth+}
                  | (You found it in a treasure trove)
 60415 | Depths:1 | Identified the ring of Sin {Ice Str+6} (You found it in a
                  | treasure trove)
 60416 | Depths:1 | Identified the ring "Gyposiacwu" {Wiz rN++ Dex+4 Slay+5
                  | Stlth-} (You found it in a treasure trove)
 60417 | Depths:1 | Identified the ring "Munuch" {Ice rN+ Stlth+} (You found it
                  | in a treasure trove)
 60600 | Depths:1 | Found a one-way gate to the infinite horrors of the Abyss.
 61448 | Depths:2 | Received a gift from Okawaru
 61456 | Depths:2 | Noticed Boris
 61481 | Depths:2 | Killed Boris
 61686 | Depths:2 | Reached XP level 24. HP: 245/257 MP: 28/28
 61795 | Depths:2 | Found Ymmab's Antique Armour Shoppe.
 61944 | Depths:2 | Received a gift from Okawaru
 62124 | Depths:2 | Reached skill level 20 in Unarmed Combat
 62994 | Depths:3 | Found a one-way gate leading to the halls of Pandemonium.
 63133 | Depths:3 | Found a shimmering blue altar of Sif Muna.
 63155 | Depths:3 | Identified the +2 robe of Weirdness {+Fly rF+ Str+2 Int+2}
 63258 | Depths:3 | Reached skill level 9 in Evocations
 63271 | Depths:3 | Got a coiled lead amulet
 63275 | Depths:3 | Identified the Handbook of Calling
 63279 | Depths:3 | Identified the amulet of Xaopsyug {RegenMP rN+} (You found
                  | it on level 3 of the Depths)
 64997 | Depths:4 | Noticed a juggernaut
 65007 | Depths:4 | Killed a juggernaut
 65007 | Depths:4 | Received a gift from Okawaru
 65010 | Depths:4 | Got a warped broad axe {god gift}
 65012 | Depths:4 | Identified the +7 broad axe "Gyn Wuwama" {protect, rN+
                  | Stlth+} (Okawaru gifted it to you on level 4 of the Depths)
 65152 | Depths:5 | Entered Level 5 of the Depths
 65152 | Depths:5 | Found a corrupted altar of Lugonu.
 65161 | Depths:5 | Reached skill level 13 in Shields
 65413 | Depths:5 | Got a faintly glowing long sword
 65461 | Depths:4 | Reached skill level 19 in Fighting
 65915 | Depths:4 | Received a gift from Okawaru
 65924 | Depths:4 | Got a scorched mace {god gift}
 66117 | Depths:5 | Reached XP level 25. HP: 209/269 MP: 28/29
 66398 | Depths:5 | Reached skill level 15 in Armour
 66606 | Depths:5 | Got a shadowed robe
 66709 | Depths:5 | Found a gate to the Realm of Zot.
 67031 | Vaults:4 | Upgraded the game from 0.25-a0-661-g55ea3d2053 to
                  | 0.25-a0-663-gace7076f2c
 67038 | Vaults:5 | Entered Level 5 of the Vaults
 67257 | Vaults:5 | Reached skill level 10 in Evocations
 67332 | Vaults:5 | Reached skill level 17 in Throwing
 67383 | Vaults:5 | Received a gift from Okawaru
 67536 | Vaults:5 | Identified the +10 hunting sling "Ubiem" {vorpal, *Drain
                  | rN+++ MR+}
 67803 | Vaults:5 | Noticed Boris
 67815 | Vaults:5 | Killed Boris
 68292 | Vaults:5 | Received a gift from Okawaru
 68309 | Vaults:5 | Received a gift from Okawaru
 68336 | Vaults:5 | Reached skill level 21 in Unarmed Combat
 68420 | Vaults:5 | Got a transparent hunting sling {god gift}
 68843 | Vaults:5 | Got a silver rune of Zot
 68990 | Vaults:5 | Got an ebony hand axe
 68992 | Vaults:5 | Got a smoking wooden ring
 68997 | Vaults:5 | Identified the ring of Beat Mae {rCorr Str+4 Dex-5 Slay+3
                  | Stlth+} (You found it on level 5 of the Vaults)
 69019 | Vaults:5 | Reached XP level 26. HP: 261/280 MP: 30/30
 69056 | Vaults:5 | Found the +1 cloak of Starlight {rElec rC+ EV+4 Stlth--}
 69268 | Vaults:5 | Identified the cursed +3 scimitar "Zintef" {vorpal, Fragile
                  | MR+ Int+4}
 69326 | Vaults:5 | Found the +8 lance "Wyrmbane" {slay drac, rPois rF+ rC+
                  | AC+3}
 69357 | Vaults:5 | Identified the Tome of Necromancy
 69800 | Zot:1    | Entered Level 1 of the Realm of Zot
 69840 | Zot:1    | Reached skill level 14 in Shields
 69872 | Zot:1    | You fall into a shaft and drop 1 floor!
 69928 | Zot:1    | Reached skill level 11 in Evocations
 69938 | Zot:1    | HP: 68/282 [golden dragon (3)]
 69940 | Zot:1    | HP: 31/282 [golden dragon (12)]
 69946 | Zot:1    | HP: 41/282 [white draconian/chilling blast (5)]
 69952 | Zot:1    | HP: 41/282 [tentacled monstrosity (6)]
 69960 | Zot:1    | HP: 29/282 [black draconian/bolt of lightning (16)]
 69965 | Zot:1    | HP: 42/282 [green draconian] (1)]
 69970 | Zot:1    | HP: 21/282 [poisoned by a green draconian (poison gas)]
 69971 | Zot:1    | HP: 3/282 [death cob (16)]
 69978 | Zot:1    | HP: 8/282 [electric golem/bolt of lightning (10)]
 69978 | Zot:1    | Killed from afar by an electric golem

Levels and vault maps discovered:
D:1:      minmay_arrival_shattered_statue, layout_loops_ring, item_on_display_a
D:2:      layout_basic, uniq_crazy_yiuf_cottage
D:3:      layout_rooms, first_ration
D:4:      minmay_diamond_boxcup, layout_cave_pools, uniq_menkaure, uniq_duvessa,
          uniq_blork_the_orc, uniq_robin
D:5:      layout_basic, overflow_temple_1_default, ebering_ghost_disaster_area,
          serial_shops, kennysheep_little_box
D:6:      layout_basic, chequers_temple_overflow_statue_of_worship, uniq_edmund,
          uniq_pikel, uniq_maggie
D:7:      layout_rooms, minmay_temple_entry_overgrown, enter_ossuary_1,
          kennysheep_decorative_pillar, grunt_ogre_cave
D:8:      layout_basic, fedhas_altar_4, minitemple, erik_lair_orcish_takeover,
          basic_altar, grunt_decor_clamped, chequers_serial_rivers_marsh,
          uniq_psyche
D:9:      layout_cross, kennysheep_mini, minivault_16
D:10:     layout_stronghold, basic_altar, uniq_joseph, uniq_maurice
D:11:     minmay_the_grid_triangle_9x9_recursive_3
          [minmay_the_grid_triangle_9x9_sparse_checkered,
          minmay_the_grid_triangle_9x9_warning,
          minmay_the_grid_triangle_9x9_intruding_spiral,
          minmay_the_grid_triangle_9x9_prize_insulated,
          minmay_the_grid_triangle_9x9_from_above,
          minmay_the_grid_triangle_9x9_shrine,
          minmay_the_grid_triangle_9x9_pentomino_pain,
          minmay_the_grid_triangle_9x9_odd_lines,
          minmay_the_grid_triangle_9x9_stretched_checkered], layout_cave_pools,
          minmay_misc_feat_square
D:12:     layout_cave_pods, kennysheep_orc_monster_closet_entryway,
          serial_shops, shop, kennysheep_cross_bottleneck, minivault_14,
          hex_medium
D:13:     layout_stronghold, elyvilon_altar_4, uniq_jorgrun
D:14:     layout_cave_pools, skrybe_vaults_entry_preservation,
          nrook_mini_vaults, minivault_16, corner_web_ring
D:15:     grunt_enter_depths_snipers, layout_basic
Temple:   dpeg_chambers_temple
Lair:1:   layout_small_grid, grunt_megastairs_3
Lair:2:   beast_lair_carwin_large_4, layout_layer_cave,
          minmay_shoals_entry_lonely_mermaid
Lair:3:   layout_loops_ring, minmay_snake_entry_guardpost_small,
          serial_bayou_ford_a, nicolae_quartered_pool_medium, uniq_rupert,
          uniq_snorg
Lair:4:   layout_cave_shapes, grunt_megastairs_1
Lair:5:   statuecave_lemuel, layout_regular_city, gammafunk_ghost_split
Lair:6:   gammafunk_lair_ancient_temple, layout_loops_ring,
          dpeg_slime_entry_enclosed_altar, chequers_serial_rivers_small_a,
          minivault_23, uniq_urug
Shoals:1: layout_shoals
Shoals:2: layout_shoals
Shoals:3: layout_shoals
Shoals:4: shoals_end_grunt_garden, layout_shoals, shoals_ilsuiw_alternative
Snake:1:  layout_grid_shapes, serial_bayou_crossing, uniq_aizul
Snake:2:  layout_onion_interference, minmay_shop_grove, grunt_megastairs_2
Snake:3:  layout_misc_corridors
Snake:4:  snake_pit, layout_rooms, hangedman_snake_pattern,
          serial_bayou_shore_a, serial_bayou_shore_b, uniq_louise, uniq_kirke
Orc:1:    layout_caves, ebering_ghost_reflecting_pool, uniq_josephine
Orc:2:    kennysheep_orc_mage_school, layout_diamond_mine, serial_shops,
          nicolae_shop_behind_doors, uniq_azrael, uniq_donald
Elf:1:    minmay_elf_arrival_circle, layout_gridlike,
          portal_ice_cave_entry_pillars_2, hangedman_elf_disciples,
          grunt_ministairs_9, lemuel_flamethrower_hall, uniq_roxanne
Elf:2:    layout_loops_cross, st_stairs_14
Elf:3:    minmay_elf_hall_four_x, layout_loops_cross, serial_shops, shop, shop,
          nicolae_shop_overgrown_old_shop, shop, nicolae_shop_stone,
          minivault_24
Vaults:1: hangedman_vaults_slither, ontoclasm_vaults_shuriken,
          nicolae_vaults_arrows, nicolae_vaults_big_ls, vaults_mumra_hex,
          v_misc_19, hangedman_vaults_impose, v_misc_9, v_misc_24,
          vaults_room_grunt_arrival_ludios, nicolae_vaults_shelves_hall,
          v_misc_25, vaults_room_door_ring, layout_vaults_omnibox, serial_shops,
          shop
Vaults:2: gammafunk_vaults_ghost_tricky_traps, nicolae_vaults_network_square,
          grunt_vaults_trifunnel, hangedman_vaults_river_flow,
          ontoclasm_vaults_ring_small, vaults_mumra_minichess_inversion,
          ontoclasm_vaults_ligature, grunt_vaults_hallway_long,
          ontoclasm_vaults_loading_screen, nicolae_vaults_mini_display_case,
          vaults_dpeg_ring, serial_ice_g, v_misc_9,
          nicolae_vaults_little_squares_4, layout_vaults_big_cross,
          uniq_asterion, uniq_sojobo
Vaults:3: ontoclasm_vaults_claustrophobia, minmay_crypt_entry_skeletal_spiral,
          nicolae_vaults_network_barrier, st_lattice, hangedman_vaults_slice,
          v_misc_19, grunt_vaults_twisty, layout_vaults_quadrants, serial_shops,
          shop, uniq_boris
Vaults:4: hangedman_vaults_restitches, dpeg_vaults_monster_row, v_misc_3,
          hangedman_vaults_snaps, st_star, v_pattern_5, dpeg_vaults_monster_box,
          ontoclasm_vaults_gateway, vaults_room_hallway,
          vaults_room_mumra_shop_pool, layout_vaults_big_room, basic_altar,
          uniq_saint_roka
Vaults:5: serial_shops
Crypt:1:  layout_chaotic_city, uniq_bai_suzhen
Crypt:2:  layout_chaotic_city, ebering_ghost_gozag
Crypt:3:  lightli_unholy_cathedral, layout_chaotic_city, uniq_xtahua
Depths:1: layout_small_grid, enter_ziggurat_e, minmay_room_of_horrors,
          okawaru_ov_weapons_minmay, hell_entry, enter_trove_2,
          minmay_door_square, minmay_hidden_floor
Depths:2: minmay_outward_triangles, layout_honeycomb, kennysheep_another_room,
          serial_shops, nicolae_shop_overgrown_old_shop, hell_entry,
          roderic_lattice_octagonal_star, infiniplex_staircase_door_maze
Depths:3: kennysheep_ogre_elephant_herders, layout_basic,
          hangedman_decor_lopped, rand_demon_pan_entry_8, hell_entry,
          hangedman_summoners_spam, minmay_staircase_statues
Depths:4: cheibrodos_salmonella, layout_small_grid, glass_columns_a,
          abyss_entry_small_statue_room, pf_hell_entry_tar_river
Depths:5: evilmike_zot_entry_basic, layout_cave_pools, abyss_entry_flame_altar,
          hell_entry, minmay_misc_feat_chi
Zot:1:    layout_onion_interference, hangedman_player_shredder
Zot:2:    layout_cathedral_of_symmetry, hangedman_spider_trapstep

Skill      XL: |  1  2  3  4  5  6  7  8  9 10 11 12 13 14 15 16 17 18 19 20 21 22 23 24 25 26 |
---------------+-------------------------------------------------------------------------------+-----
Fighting       | 1 2 3 4 5 6 7 9 10 11 12 13 14 15 16 17 18 19 | 19.7
Unarmed Combat | 1 2 3 5 6 7 8 10 11 12 14 15 16 17 18 19 20 21 | 21.2
Dodging        | 2 3 4 5 6 8 9 10 11 12 | 12.3
Stealth        | 1 2 |  2.0
Evocations     | 3 4 5 6 7 8 9 10 11 | 11.0
Armour         | 1 3 5 7 8 9 10 11 12 13 14 15 | 15.7
Invocations    | 1 4 5 6 8 |  8.0
Throwing       | 4 7 8 10 11 12 13 14 15 16 17 | 17.6
Shields        | 3 5 6 8 9 10 11 12 13 14 | 14.1
Short Blades   | |  0.7

Action                   |  1- 3 |  4- 6 |  7- 9 | 10-12 | 13-15 | 16-18 | 19-21 | 22-24 | 25-27 || total
-------------------------+-------+-------+-------+-------+-------+-------+-------+-------+-------++-------
Melee: Unarmed           |    80 |   170 |   325 |   692 |  1118 |  1804 |  1738 |  1619 |   542 ||  8088
       Punch             |       |     5 |     5 |    26 |    94 |    20 |       |       |       ||   150
Throw: Stone             |       |       |     1 |     1 |       |       |       |       |       ||     2
       Large rock        |       |       |       |     4 |    33 |     8 |    58 |    42 |    37 ||   182
       Javelin           |       |       |       |       |       |    61 |    18 |    13 |       ||    92
Invok: Heroism           |       |       |       |    17 |    32 |    46 |    31 |    34 |    17 ||   177
       Finesse           |       |       |       |     1 |     1 |     2 |     1 |     3 |     3 ||    11
 Abil: Evoke Berserk Rag |     1 |     6 |    13 |     9 |     3 |     2 |       |       |       ||    34
Evoke: Wand              |       |     3 |       |    14 |    15 |    17 |     1 |     1 |       ||    51
       Tin of tremorston |       |       |       |       |     1 |       |       |       |       ||     1
       Box of beasts     |       |       |       |       |       |     1 |       |       |     1 ||     2
       Lamp of fire      |       |       |       |       |       |       |       |     1 |     1 ||     2
  Use: Scroll            |       |       |    14 |    11 |    11 |     8 |    14 |    28 |    12 ||    98
       Potion            |       |       |     1 |     2 |       |     2 |     5 |     1 |    12 ||    23
 Stab: Sleeping          |     5 |     1 |       |     5 |     5 |     2 |     1 |     3 |       ||    22
       Paralysed         |       |       |       |     7 |       |       |       |       |       ||     7
       Distracted        |       |       |       |     1 |       |     1 |       |       |       ||     2
  Eat: Chunk             |    16 |    17 |    38 |   106 |   111 |   115 |    99 |   107 |    30 ||   639
       Ration            |       |       |       |       |     1 |     7 |     2 |     3 |     1 ||    14
Armor: Robe              |    32 |    66 |    53 |       |       |       |       |       |       ||   151
       Skin              |       |       |     1 |       |       |       |       |       |       ||     1
       Steam dragon scal |       |       |    25 |   263 |   325 |   255 |    21 |       |       ||   889
       Ice dragon scales |       |       |       |       |       |       |   279 |       |       ||   279
       Shadow dragon sca |       |       |       |       |       |       |   148 |   110 |       ||   258
       Storm dragon scal |       |       |       |       |       |       |       |   426 |   139 ||   565
Dodge: Dodged            |    35 |    84 |   161 |   414 |   874 |   706 |   509 |   438 |    93 ||  3314
       Deflected         |       |       |       |    18 |    38 |   109 |     3 |       |       ||   168
Block: Tower shield      |       |       |       |       |       |  1252 |   245 |       |       ||  1497
       Kite shield       |       |       |       |       |       |       |   631 |  1131 |   305 ||  2067
       Reflection        |       |       |       |       |       |       |       |    37 |    10 ||    47

Table legend:
 A = Non-vault XP
 B = Vault XP
 C = Vault XP percentage of total XP
 D = Non-vault monster count
 E = Vault monster count
 F = Vault count percentage of total count
                 A         B        C        D         E       F
            +---------+---------+-------+---------+---------+-------
      Total |  676859 |  673906 |  49.9 |    1444 |     865 |  37.5
            +---------+---------+-------+---------+---------+-------
        D:1 |      40 |       0 |   0.0 |      23 |       0 |   0.0
        D:2 |      22 |      39 |  63.9 |       7 |       1 |  12.5
        D:3 |     349 |       0 |   0.0 |      48 |       0 |   0.0
        D:4 |     561 |     625 |  52.7 |      18 |      25 |  58.1
        D:5 |     451 |     349 |  43.6 |      14 |       1 |   6.7
        D:6 |     934 |    1244 |  57.1 |      25 |       3 |  10.7
        D:7 |    1879 |     297 |  13.6 |      33 |       3 |   8.3
        D:8 |    2000 |     804 |  28.7 |      23 |       6 |  20.7
        D:9 |     582 |     437 |  42.9 |      18 |       1 |   5.3
       D:10 |    2047 |     888 |  30.3 |      23 |       2 |   8.0
       D:11 |    4593 |    7072 |  60.6 |      31 |      23 |  42.6
       D:12 |    5753 |    1413 |  19.7 |      41 |      20 |  32.8
       D:13 |    3787 |    2913 |  43.5 |      10 |       1 |   9.1
       D:14 |   14210 |    3582 |  20.1 |      44 |       8 |  15.4
       D:15 |   15458 |    2522 |  14.0 |      42 |       3 |   6.7
     Lair:1 |    4314 |     460 |   9.6 |      18 |       1 |   5.3
     Lair:2 |    1068 |    1760 |  62.2 |       3 |      12 |  80.0
     Lair:3 |   10313 |    4550 |  30.6 |      25 |       6 |  19.4
     Lair:4 |   10262 |     479 |   4.5 |      26 |       2 |   7.1
     Lair:5 |    4202 |       0 |   0.0 |      23 |       0 |   0.0
     Lair:6 |   11100 |   10738 |  49.2 |      28 |      27 |  49.1
   Shoals:1 |   19416 |       0 |   0.0 |      35 |       0 |   0.0
   Shoals:2 |   14199 |       0 |   0.0 |      31 |       0 |   0.0
   Shoals:3 |    5336 |       0 |   0.0 |      11 |       0 |   0.0
   Shoals:4 |   11650 |   24567 |  67.8 |      21 |      37 |  63.8
    Snake:1 |   10666 |       0 |   0.0 |      24 |       0 |   0.0
    Snake:2 |   27486 |    1496 |   5.2 |      47 |       2 |   4.1
    Snake:3 |    7686 |       0 |   0.0 |      15 |       0 |   0.0
    Snake:4 |   33775 |   33193 |  49.6 |      64 |      46 |  41.8
      Orc:1 |    4115 |    5145 |  55.6 |      41 |      10 |  19.6
      Orc:2 |    5552 |   10147 |  64.6 |      36 |      36 |  50.0
      Elf:1 |   22928 |   11476 |  33.4 |      33 |      16 |  32.7
      Elf:2 |   13900 |   31043 |  69.1 |      25 |      35 |  58.3
      Elf:3 |   10094 |   47674 |  82.5 |      15 |      33 |  68.8
   Vaults:1 |   23088 |   48717 |  67.8 |      41 |      80 |  66.1
   Vaults:2 |   40121 |   34647 |  46.3 |      71 |      49 |  40.8
   Vaults:3 |   40880 |   24579 |  37.5 |      68 |      31 |  31.3
   Vaults:4 |   22041 |   50985 |  69.8 |      32 |      61 |  65.6
   Vaults:5 |   15583 |  151095 |  90.7 |      18 |     107 |  85.6
    Crypt:1 |   39813 |    4776 |  10.7 |      55 |       1 |   1.8
    Crypt:2 |   47244 |       0 |   0.0 |      52 |       0 |   0.0
    Crypt:3 |    8319 |   49964 |  85.7 |      14 |      36 |  72.0
   Depths:1 |   19686 |   11976 |  37.8 |      21 |      21 |  50.0
   Depths:2 |   35044 |    4324 |  11.0 |      44 |       3 |   6.4
   Depths:3 |   29409 |   21582 |  42.3 |      33 |      29 |  46.8
   Depths:4 |   28129 |   35131 |  55.5 |      30 |      24 |  44.4
   Depths:5 |   30932 |    6697 |  17.8 |      35 |       6 |  14.6
      Zot:1 |   13796 |   13978 |  50.3 |       8 |       5 |  38.5
      Zot:2 |    2046 |       0 |   0.0 |       1 |       0 |   0.0
      IceCv |       0 |   10542 | 100.0 |       0 |      52 | 100.0
            +---------+---------+-------+---------+---------+-------

Levels and vault maps discovered:
D:1:      minmay_arrival_shattered_statue, layout_loops_ring, item_on_display_a
D:2:      layout_basic, uniq_crazy_yiuf_cottage
D:3:      layout_rooms, first_ration
D:4:      minmay_diamond_boxcup, layout_cave_pools, uniq_menkaure, uniq_duvessa,
          uniq_blork_the_orc, uniq_robin
D:5:      layout_basic, overflow_temple_1_default, ebering_ghost_disaster_area,
          serial_shops, kennysheep_little_box
D:6:      layout_basic, chequers_temple_overflow_statue_of_worship, uniq_edmund,
          uniq_pikel, uniq_maggie
D:7:      layout_rooms, minmay_temple_entry_overgrown, enter_ossuary_1,
          kennysheep_decorative_pillar, grunt_ogre_cave
D:8:      layout_basic, fedhas_altar_4, minitemple, erik_lair_orcish_takeover,
          basic_altar, grunt_decor_clamped, chequers_serial_rivers_marsh,
          uniq_psyche
D:9:      layout_cross, kennysheep_mini, minivault_16
D:10:     layout_stronghold, basic_altar, uniq_joseph, uniq_maurice
D:11:     minmay_the_grid_triangle_9x9_recursive_3
          [minmay_the_grid_triangle_9x9_sparse_checkered,
          minmay_the_grid_triangle_9x9_warning,
          minmay_the_grid_triangle_9x9_intruding_spiral,
          minmay_the_grid_triangle_9x9_prize_insulated,
          minmay_the_grid_triangle_9x9_from_above,
          minmay_the_grid_triangle_9x9_shrine,
          minmay_the_grid_triangle_9x9_pentomino_pain,
          minmay_the_grid_triangle_9x9_odd_lines,
          minmay_the_grid_triangle_9x9_stretched_checkered], layout_cave_pools,
          minmay_misc_feat_square
D:12:     layout_cave_pods, kennysheep_orc_monster_closet_entryway,
          serial_shops, shop, kennysheep_cross_bottleneck, minivault_14,
          hex_medium
D:13:     layout_stronghold, elyvilon_altar_4, uniq_jorgrun
D:14:     layout_cave_pools, skrybe_vaults_entry_preservation,
          nrook_mini_vaults, minivault_16, corner_web_ring
D:15:     grunt_enter_depths_snipers, layout_basic
Temple:   dpeg_chambers_temple
Lair:1:   layout_small_grid, grunt_megastairs_3
Lair:2:   beast_lair_carwin_large_4, layout_layer_cave,
          minmay_shoals_entry_lonely_mermaid
Lair:3:   layout_loops_ring, minmay_snake_entry_guardpost_small,
          serial_bayou_ford_a, nicolae_quartered_pool_medium, uniq_rupert,
          uniq_snorg
Lair:4:   layout_cave_shapes, grunt_megastairs_1
Lair:5:   statuecave_lemuel, layout_regular_city, gammafunk_ghost_split
Lair:6:   gammafunk_lair_ancient_temple, layout_loops_ring,
          dpeg_slime_entry_enclosed_altar, chequers_serial_rivers_small_a,
          minivault_23, uniq_urug
Shoals:1: layout_shoals
Shoals:2: layout_shoals
Shoals:3: layout_shoals
Shoals:4: shoals_end_grunt_garden, layout_shoals, shoals_ilsuiw_alternative
Snake:1:  layout_grid_shapes, serial_bayou_crossing, uniq_aizul
Snake:2:  layout_onion_interference, minmay_shop_grove, grunt_megastairs_2
Snake:3:  layout_misc_corridors
Snake:4:  snake_pit, layout_rooms, hangedman_snake_pattern,
          serial_bayou_shore_a, serial_bayou_shore_b, uniq_louise, uniq_kirke
Orc:1:    layout_caves, ebering_ghost_reflecting_pool, uniq_josephine
Orc:2:    kennysheep_orc_mage_school, layout_diamond_mine, serial_shops,
          nicolae_shop_behind_doors, uniq_azrael, uniq_donald
Elf:1:    minmay_elf_arrival_circle, layout_gridlike,
          portal_ice_cave_entry_pillars_2, hangedman_elf_disciples,
          grunt_ministairs_9, lemuel_flamethrower_hall, uniq_roxanne
Elf:2:    layout_loops_cross, st_stairs_14
Elf:3:    minmay_elf_hall_four_x, layout_loops_cross, serial_shops, shop, shop,
          nicolae_shop_overgrown_old_shop, shop, nicolae_shop_stone,
          minivault_24
Vaults:1: hangedman_vaults_slither, ontoclasm_vaults_shuriken,
          nicolae_vaults_arrows, nicolae_vaults_big_ls, vaults_mumra_hex,
          v_misc_19, hangedman_vaults_impose, v_misc_9, v_misc_24,
          vaults_room_grunt_arrival_ludios, nicolae_vaults_shelves_hall,
          v_misc_25, vaults_room_door_ring, layout_vaults_omnibox, serial_shops,
          shop
Vaults:2: gammafunk_vaults_ghost_tricky_traps, nicolae_vaults_network_square,
          grunt_vaults_trifunnel, hangedman_vaults_river_flow,
          ontoclasm_vaults_ring_small, vaults_mumra_minichess_inversion,
          ontoclasm_vaults_ligature, grunt_vaults_hallway_long,
          ontoclasm_vaults_loading_screen, nicolae_vaults_mini_display_case,
          vaults_dpeg_ring, serial_ice_g, v_misc_9,
          nicolae_vaults_little_squares_4, layout_vaults_big_cross,
          uniq_asterion, uniq_sojobo
Vaults:3: ontoclasm_vaults_claustrophobia, minmay_crypt_entry_skeletal_spiral,
          nicolae_vaults_network_barrier, st_lattice, hangedman_vaults_slice,
          v_misc_19, grunt_vaults_twisty, layout_vaults_quadrants, serial_shops,
          shop, uniq_boris
Vaults:4: hangedman_vaults_restitches, dpeg_vaults_monster_row, v_misc_3,
          hangedman_vaults_snaps, st_star, v_pattern_5, dpeg_vaults_monster_box,
          ontoclasm_vaults_gateway, vaults_room_hallway,
          vaults_room_mumra_shop_pool, layout_vaults_big_room, basic_altar,
          uniq_saint_roka
Vaults:5: serial_shops
Crypt:1:  layout_chaotic_city, uniq_bai_suzhen
Crypt:2:  layout_chaotic_city, ebering_ghost_gozag
Crypt:3:  lightli_unholy_cathedral, layout_chaotic_city, uniq_xtahua
Depths:1: layout_small_grid, enter_ziggurat_e, minmay_room_of_horrors,
          okawaru_ov_weapons_minmay, hell_entry, enter_trove_2,
          minmay_door_square, minmay_hidden_floor
Depths:2: minmay_outward_triangles, layout_honeycomb, kennysheep_another_room,
          serial_shops, nicolae_shop_overgrown_old_shop, hell_entry,
          roderic_lattice_octagonal_star, infiniplex_staircase_door_maze
Depths:3: kennysheep_ogre_elephant_herders, layout_basic,
          hangedman_decor_lopped, rand_demon_pan_entry_8, hell_entry,
          hangedman_summoners_spam, minmay_staircase_statues
Depths:4: cheibrodos_salmonella, layout_small_grid, glass_columns_a,
          abyss_entry_small_statue_room, pf_hell_entry_tar_river
Depths:5: evilmike_zot_entry_basic, layout_cave_pools, abyss_entry_flame_altar,
          hell_entry, minmay_misc_feat_chi
Zot:1:    layout_onion_interference, hangedman_player_shredder
Zot:2:    layout_cathedral_of_symmetry, hangedman_spider_trapstep

Table legend:
 A = Turns spent in this place as a percentage of turns spent in the entire game.
 B = Non-inter-level travel turns spent in this place as a percentage of non-inter-level travel turns spent in the entire game.
 C = Inter-level travel turns spent in this place as a percentage of turns spent in this place.
 D = Turns resting spent in this place as a percentage of non-inter-level travel turns spent in this place.
 E = Turns spent auto-exploring this place as a percentage of non-inter-level travel turns spent in this place.
 F = Non-inter-level travel turns spent in this place divided by the number of levels of this place that you've seen.
                   A       B       C       D       E      F
               +-------+-------+-------+-------+-------+----------------------
         Total | 100.0 | 100.0 |  10.0 |  21.9 |  50.3 | 1211.0
       Dungeon |  27.0 |  25.3 |  15.6 |  18.5 |  56.1 | 1062.0
        Temple |   0.1 |   0.1 |  29.5 |   0.0 |  87.1 |  62.0
          Lair |  11.5 |  11.3 |  11.4 |  15.6 |  64.1 | 1185.5
        Shoals |   7.2 |   7.6 |   5.2 |  32.8 |  40.6 | 1200.5
     Snake Pit |  11.0 |  11.7 |   4.5 |  38.0 |  36.1 | 1834.5
  Orcish Mines |   4.3 |   4.1 |  13.1 |  29.4 |  44.8 | 1305.5
   Elven Halls |   7.2 |   7.5 |   6.0 |  27.4 |  46.0 | 1571.0
        Vaults |  16.4 |  16.4 |   9.9 |  15.9 |  48.3 | 2067.2
         Crypt |   4.2 |   4.4 |   5.2 |  11.6 |  50.0 | 932.3
        Depths |  10.0 |  10.3 |   7.6 |  20.1 |  52.7 | 1293.4
           Zot |   0.3 |   0.3 |   0.6 |   0.0 |   0.0 |  88.5
         Trove |   0.1 |   0.1 |   0.0 |   0.0 |  46.2 |  39.0
      Ice Cave |   0.8 |   0.9 |   0.0 |   2.2 |  64.6 | 588.0
               +-------+-------+-------+-------+-------+----------------------

Table legend:
 A = Kills in this place as a percentage of kills in entire the game.
 B = Kills by you in this place as a percentage of kills by you in the entire game.
 C = Kills by friends in this place as a percentage of kills by friends in the entire game.
 D = Other kills in this place as a percentage of other kills in the entire game.
 E = Experience gained in this place as a percentage of experience gained in the entire game.
 F = Experience gained in this place divided by the number of levels of this place that you have seen.
                   A       B       C       D       E      F
               +-------+-------+-------+-------+-------+----------------------
         Total | 100.0 | 100.0 | 100.0 | 100.0 | 100.0 | 25976.2
       Dungeon |  21.5 |  21.5 |  75.0 |  12.5 |   5.5 | 4990.1
          Lair |   7.4 |   7.4 |   0.0 |   0.0 |   4.4 | 9874.3
        Shoals |   5.8 |   5.8 |   0.0 |  12.5 |   5.6 | 18792.0
     Snake Pit |   8.6 |   8.6 |   0.0 |   0.0 |   8.5 | 28575.5
  Orcish Mines |   5.3 |   5.4 |   0.0 |   0.0 |   1.8 | 12479.5
   Elven Halls |   6.8 |   6.8 |   0.0 |   0.0 |  10.2 | 45705.0
        Vaults |  24.2 |  24.3 |   0.0 |   0.0 |  33.4 | 90347.2
         Crypt |   6.8 |   6.9 |   0.0 |   0.0 |  11.1 | 50038.7
        Depths |  10.7 |  10.5 |   0.0 |  62.5 |  16.5 | 44582.0
           Zot |   0.6 |   0.5 |  25.0 |  12.5 |   2.2 | 14910.0
      Ice Cave |   2.3 |   2.3 |   0.0 |   0.0 |   0.8 | 10542.0
               +-------+-------+-------+-------+-------+----------------------
